 Dungeon Sprint DCSS version 0.31-a0-879-g1609e0ac53 (webtiles) character file.

Game seed: 1854753102112557619

2558 rocky1 the Carver (level 9, -2/74 HPs)
             Began as a Demonspawn Gladiator on Oct 15, 2023.
             Was an Elder of Qazlal.
             Slain by a polar bear (9 damage)
             ... in the Dungeon (Sprint II: "The Violet Keep of Menkaure").
             The game lasted 00:06:48 (782 turns).

rocky1 the Carver (Demonspawn Gladiator)             Turns: 782, Time: 00:06:49

Health: -2/74      AC:  9    Str: 14    XL:     9   Next: 31%
Magic:  13/14      EV: 16    Int:  6    God:    Qazlal [****..]
Gold:   11         SH:  5    Dex: 19    Spells: 8/8 levels left

rFire   . . .        a - +0 long sword
rCold   . . .        (no shield)
rNeg    . . .        g - +0 scale mail
rPois   .            j - +2 hat
rElec   .            (no cloak)
rCorr   .            (gloves unavailable)
SInv    .            (no boots)
Will    .....        (no amulet)
Stlth   +            (no ring)
HPRegen 0.32/turn    (no ring)
MPRegen 0.14/turn

%: no teleportation, repel missiles
@: on berserk cooldown, hasted and slowed
A: demonic guardian 1, ignite blood 2, sturdy frame 1, demonic touch 3, horns 1,
dopey 2, low MP 1
a: Renounce Religion, Upheaval, Elemental Force


You were in the Dungeon.
You worshipped Qazlal.
Qazlal was greatly pleased with you.
You visited 1 branch You collected 972 gold pieces.
You spent 961 gold pieces at shops.

Inventory:

Hand Weapons
 a - a +0 long sword (weapon)
Missiles
 d - 2 throwing nets (quivered)
 e - a javelin
Armour
 b - a +0 leather armour
 c - a +0 helmet
 g - a +0 scale mail (worn)
 j - a +2 hat (worn)
Scrolls
 k - a scroll of blinking
 l - a scroll of revelation {unknown}
 n - a scroll of butterflies {unknown}
Potions
 f - a potion of curing
 h - a potion of enlightenment
 i - 2 potions of magic
 m - 2 potions of lignification
 p - a potion of heal wounds


   Skills:
 + Level 7.9 Fighting
 + Level 12.3 Long Blades
 + Level 4.8 Throwing
 + Level 5.2 Armour
 + Level 10.7 Dodging
 + Level 0.7 Stealth
 + Level 1.8 Shields
 * Level 9.0 Invocations


You had 8 spell levels left.
You didn't know any spells.
Your spell library was empty.

Dungeon Overview and Level Annotations

Branches:
Dungeon (1/1)

Altars:
Cheibriados
Dithmenos
Fedhas
Gozag
Hepliaklqana
Kikubaaqudgha
Makhleb
Nemelex Xobeh
Okawaru
Qazlal
Ru
Sif Muna
Trog
Uskayaw
Vehumet
Wu Jian
Xom
Yredelemnul
Jiyva
Lugonu

Shops:
D [::=[[?:(?!=(!*

Annotations:
D exclusions: ice statue, oklob plant and orange crystal statue


Innate Abilities, Weirdness & Mutations

A weak demonic guardian rushes to your aid.
Your demonic aura often causes spilled blood to erupt in flames.
Your movements are slightly less encumbered by armour. (ER -2)
Your touch may irresistibly damage your foes and sap their willpower.
You have a pair of small horns on your head.
You are very dopey. (Int -4)
Your magical capacity is low. (-10% MP)


Message History

You are no longer berserk.
You are exhausted.
You feel yourself slow down.
You feel sick. The polar bear bites you. The polar bear barely misses you.
The polar bear claws you.
You see here a polar bear corpse.
You slash the yaktaur!
You headbutt the yaktaur, but do no damage.
The yaktaur is moderately wounded.
You feel sick.
The yaktaur is engulfed in blazing flames.
The yaktaur unwields a +0 arbalest.
You block the yaktaur's attack.
Unknown command.
You slash the yaktaur! Your headbutt misses the yaktaur.
The yaktaur is severely wounded.
The polar bear barely misses you. You block the polar bear's attack.
The polar bear claws you.
The yaktaur is engulfed in blazing flames.
The yaktaur hits you.
You barely miss the yaktaur. Your headbutt misses the yaktaur.
Your touch misses the yaktaur.
The yaktaur is almost dead.
You feel sick. The polar bear barely misses you.
The polar bear claws you but does no damage. x2
The yaktaur is engulfed in blazing flames.
You kill the yaktaur!
Qazlal accepts your kill.
Your Armour skill increases to level 5!
Your Invocations skill increases to level 9!
You feel sick. The polar bear bites you!
* * * LOW HITPOINT WARNING * * *
A demonic guardian appears!
The polar bear barely misses you.
The polar bear claws you but does no damage.
Things that are here:
a +0 arbalest; a yaktaur corpse You barely miss the polar bear.
You headbutt the polar bear, but do no damage.
You feel sick.
You are no longer poisoned.
The polar bear bites you!
You die...

≈° +++## ....# ##..#
.##.#### +.##. ..# ...#
^..#### .### ..## #..##$#
[?[ ###.##..# +^.#☼.#▓!!!)$
###..#..# #.^#h@#▓(:=$)
.'##.'..####..##†#▓$$?$!
##.#.#....###..5##▓▓▓▓▓▓▓
###.##..§...~~~~~~~~~~~~~
#####~~.....~#'########+###
..#~~~~~~~§.~#_._.....#~§~#
.##~~~~~~~§.~#._._....#S§§≈
##~~~§§§§~~~~#_._._...#S~§~
~~~~~~§§§≈§~~#._._._..#~~~§


You could see a polar bear (ally target) and a friendly iron imp (summoned).

Vanquished Creatures
  A merfolk siren (D)
  A yaktaur (D)
  2 polar bears (D)
  A blink frog (D)
  A hornet (D)
  4 neqoxecs (D)
  Menkaure (D)
  A water moccasin (D)
  4 necrophages (D)
  4 scorpions (D)
20 creatures vanquished.

Notes
Turn   | Place    | Note
-------+----------+-------------------------------------------
     0 | D        | rocky1 the Demonspawn Gladiator began the quest for the
                  | Orb.
     0 | D        | Reached XP level 1. HP: 16/16 MP: 1/1
     1 | D        | Noticed a neqoxec
     1 | D        | Noticed a neqoxec
     7 | D        | Noticed a neqoxec
    14 | D        | Gained mutation: You are dopey. (Int -2) [a neqoxec]
    23 | D        | Gained mutation: You are very dopey. (Int -4) [a neqoxec]
    24 | D        | Killed a neqoxec
    25 | D        | Reached skill level 6 in Long Blades
    25 | D        | Reached skill level 1 in Armour
    25 | D        | Gained mutation: Your demonic aura sometimes causes spilled
                  | blood to erupt in flames. [demonic ancestry]
    25 | D        | Reached XP level 2. HP: 10/25 MP: 2/2
    25 | D        | Gained mutation: Your demonic aura often causes spilled
                  | blood to erupt in flames. [demonic ancestry]
    25 | D        | Reached XP level 3. HP: 12/30 MP: 3/3
    25 | D        | Gained mutation: Your touch may inflict minor irresistible
                  | damage on your foes. [demonic ancestry]
    25 | D        | Reached XP level 4. HP: 15/37 MP: 4/4
    27 | D        | Killed a neqoxec
    28 | D        | Reached skill level 7 in Long Blades
    28 | D        | Gained mutation: Your touch may inflict irresistible damage
                  | on your foes. [demonic ancestry]
    28 | D        | Reached XP level 5. HP: 38/43 MP: 5/5
    33 | D        | Gained mutation: Your magical capacity is low. (-10% MP) [a
                  | neqoxec]
    34 | D        | Gained mutation: Armour fits poorly on your strangely
                  | shaped body. [a neqoxec]
    38 | D        | Lost mutation: Armour fits poorly on your strangely shaped
                  | body. [a neqoxec]
    41 | D        | Gained mutation: Your system is resistant to poisons.
                  | (rPois) [a neqoxec]
    44 | D        | Killed a neqoxec
    45 | D        | Reached skill level 5 in Fighting
    45 | D        | Reached skill level 8 in Long Blades
    45 | D        | Reached XP level 6. HP: 30/51 MP: 5/5
    46 | D        | Noticed a water moccasin
    51 | D        | Killed a water moccasin
   122 | D        | Found an iron altar of Okawaru.
   122 | D        | Found a radiant altar of Vehumet.
   123 | D        | Found a sparkling altar of Nemelex Xobeh.
   123 | D        | Found a hide-covered altar of Uskayaw.
   124 | D        | Found an opulent altar of Gozag.
   124 | D        | Found a burning altar of Makhleb.
   124 | D        | Found a bloodstained altar of Trog.
   125 | D        | Found a blossoming altar of Fedhas.
   125 | D        | Found a corrupted altar of Lugonu.
   125 | D        | Found a basalt altar of Yredelemnul.
   125 | D        | Found a shimmering blue altar of Sif Muna.
   126 | D        | Found an ancient bone altar of Kikubaaqudgha.
   127 | D        | Found a shadowy altar of Dithmenos.
   127 | D        | Found a viscous altar of Jiyva.
   127 | D        | Found a shimmering altar of Xom.
   127 | D        | Found a sacrificial altar of Ru.
   129 | D        | Found a snail-covered altar of Cheibriados.
   131 | D        | Found a hazy altar of Hepliaklqana.
   132 | D        | Found an ornate altar of the Wu Jian Council.
   132 | D        | Found a stormy altar of Qazlal.
   135 | D        | Noticed a flying skull
   136 | D        | Noticed a water moccasin
   136 | D        | Noticed a flying skull
   137 | D        | Noticed a water moccasin
   140 | D        | Became a worshipper of Qazlal Stormbringer
   145 | D        | Noticed a neqoxec
   158 | D        | Gained mutation: You are weak. (Str -2) [a neqoxec]
   162 | D        | Gained mutation: Your body sometimes deteriorates upon
                  | taking damage. [a neqoxec]
   165 | D        | Gained mutation: You occasionally lose the ability to read
                  | scrolls when taking damage. [a neqoxec]
   166 | D        | Killed a neqoxec
   167 | D        | Reached skill level 9 in Long Blades
   167 | D        | Gained mutation: A weak demonic guardian rushes to your
                  | aid. [demonic ancestry]
   167 | D        | Reached XP level 7. HP: 46/57 MP: 6/6
   204 | D        | Noticed a merfolk siren
   216 | D        | Killed a merfolk siren
   217 | D        | Reached skill level 10 in Long Blades
   370 | D        | Reached * piety under Qazlal
   376 | D        | Gained mutation: Your touch may irresistibly damage your
                  | foes and sap their willpower. [demonic ancestry]
   376 | D        | Reached XP level 8. HP: 63/65 MP: 10/10
   384 | D        | Reached skill level 5 in Invocations
   391 | D        | Reached ** piety under Qazlal
   395 | D        | Noticed an orange crystal statue
   452 | D        | Reached skill level 10 in Dodging
   454 | D        | Reached *** piety under Qazlal
   455 | D        | Reached skill level 11 in Long Blades
   464 | D        | Noticed an ice statue
   465 | D        | Noticed Menkaure
   468 | D        | Killed Menkaure
   589 | D        | Found Souxkolo's Assorted Antiques.
   589 | D        | Found Safaiwent's Jewellery Boutique.
   589 | D        | Found Kikk's Distillery.
   589 | D        | Found Waonluij's Distillery.
   590 | D        | Found Lirix's Magic Scroll Shop.
   590 | D        | Found Xilafyn's Antique Weapon Shop.
   590 | D        | Found Jiff's Book Boutique.
   591 | D        | Found Kymm's Antique Armour Boutique.
   591 | D        | Found Ogim's Antique Armour Shop.
   592 | D        | Found Duwn's Antique Weapon Shop.
   592 | D        | Found Ymeerev's Magic Scroll Boutique.
   597 | D        | Noticed a blink frog
   621 | D        | Killed a blink frog
   652 | D        | Noticed a great orb of eyes
   653 | D        | Found Jaanaopy's Jewellery Boutique.
   653 | D        | Found Dasmeudeda's Book Shop.
   653 | D        | Noticed an oklob plant
   654 | D        | Found Sapyzoc's Book Shoppe.
   654 | D        | Found Zampuer's Antique Armour Boutique.
   660 | D        | Bought a potion of mutation for 96 gold pieces
   660 | D        | Bought a potion of mutation for 96 gold pieces
   662 | D        | Bought a potion of mutation for 80 gold pieces
   664 | D        | Bought a potion of enlightenment for 60 gold pieces
   664 | D        | Lost mutation: You are weak. (Str -2) [potion of mutation]
   664 | D        | Lost mutation: Your body sometimes deteriorates upon taking
                  | damage. [potion of mutation]
   664 | D        | Gained mutation: You occasionally lose the ability to drink
                  | potions when taking damage. [potion of mutation]
   664 | D        | Gained mutation: Your flesh is heat resistant. (rF+)
                  | [potion of mutation]
   664 | D        | Gained mutation: You are robust. (+10% HP) [potion of
                  | mutation]
   665 | D        | Lost mutation: Your magical capacity is low. (-10% MP)
                  | [potion of mutation]
   665 | D        | Lost mutation: Your system is resistant to poisons. (rPois)
                  | [potion of mutation]
   665 | D        | Lost mutation: You occasionally lose the ability to drink
                  | potions when taking damage. [potion of mutation]
   665 | D        | Lost mutation: You are robust. (+10% HP) [potion of
                  | mutation]
   666 | D        | Lost mutation: Your flesh is heat resistant. (rF+) [potion
                  | of mutation]
   666 | D        | Lost mutation: You occasionally lose the ability to read
                  | scrolls when taking damage. [potion of mutation]
   666 | D        | Gained mutation: Your magical capacity is low. (-10% MP)
                  | [potion of mutation]
   666 | D        | Gained mutation: You have a pair of small horns on your
                  | head. [potion of mutation]
   668 | D        | Noticed a shining eye
   669 | D        | Noticed a shining eye
   674 | D        | Noticed a shining eye
   681 | D        | Bought a scale mail for 104 gold pieces
   693 | D        | Bought a glowing hat for 196 gold pieces
   710 | D        | Bought a scroll labelled WISEOL KICWEDD for 24 gold pieces
   710 | D        | Bought a lumpy red potion for 21 gold pieces
   710 | D        | Bought a scroll labelled OXAIRO CUCORCH for 24 gold pieces
   712 | D        | Bought a potion of haste for 120 gold pieces
   712 | D        | Bought a potion of heal wounds for 60 gold pieces
   714 | D        | Bought a potion of berserk rage for 50 gold pieces
   714 | D        | Bought a potion of lignification for 30 gold pieces
   756 | D        | Noticed a polar bear
   756 | D        | Noticed a polar bear
   757 | D        | Noticed a yaktaur
   757 | D        | Noticed a hornet
   762 | D        | Killed a polar bear
   768 | D        | Killed a polar bear
   768 | D        | Reached **** piety under Qazlal
   769 | D        | Reached skill level 1 in Shields
   769 | D        | Gained mutation: Your movements are slightly less
                  | encumbered by armour. (ER -2) [demonic ancestry]
   769 | D        | Reached XP level 9. HP: 69/72 MP: 13/13
   777 | D        | Reached skill level 12 in Long Blades
   777 | D        | Noticed a polar bear
   780 | D        | Killed a yaktaur
   781 | D        | Reached skill level 5 in Armour
   782 | D        | Slain by a polar bear

Illustrated notes

Levels and vault maps discovered:
D:        the_violet_keep_of_menkaure [sprint2_stairs_cluster_1,
          sprint2_shoproom, sprint2_temple, sprint2_basic_supplies,
          sprint2_obstacle_4, sprint2_obstacle_1, sprint2_obstacle_2,
          sprint2_obstacle_3, sprint2_obstacle_6, sprint2_timed_cluster_1,
          sprint2_smallroom_cluster_1, sprint2_smallroom_final_cluster_1,
          sprint2_transparent_cluster_1, sprint2_second_timed_cluster_1,
          sprint2_sniper_area_1, sprint2_heavy_combat_area_1,
          sprint2_mutation_trap_area_1, sprint2_forest_area_1,
          sprint2_light_combat_area_1, sprint2_behind_water_1,
          sprint2_near_end_vault_1]

Skill      XL: |  1  2  3  4  5  6  7  8  9 |
---------------+----------------------------+-----
Fighting       | 3 4 5 6 7 |  7.9
Long Blades    | 6 7 8 9 10 11 12 | 12.3
Throwing       | 3 4 |  4.8
Armour         | 1 2 3 4 5 |  5.2
Dodging        | 6 7 8 9 10 | 10.7
Invocations    | 4 8 9 |  9.0
Shields        | 1 |  1.8
Stealth        | |  0.7

Action                     |  1- 3 |  4- 6 |  7- 9 || total
---------------------------+-------+-------+-------++-------
  Melee: Long sword        |    21 |    36 |    71 ||   128
         Touch             |       |     3 |    13 ||    16
         Headbutt          |       |       |     3 ||     3
  Throw: Throwing net      |       |       |     2 ||     2
    Use: Potion            |     2 |     1 |     5 ||     8
 Armour: Leather armour    |     7 |    13 |    17 ||    37
         Scale mail        |       |       |    21 ||    21
  Dodge: Dodged            |     8 |    16 |    47 ||    71
  Block: Other             |       |       |    14 ||    14

Table legend: (Time is in decaauts)
 A = Elapsed time spent in this place.
 B = Non-inter-level travel time spent in this place.
 C = Inter-level travel time spent in this place.
 D = Time resting spent in this place.
 E = Time spent auto-exploring this place.
 F = Levels seen in this place.
 G = Mean time per level.
                   A        B        C        D        E       F      G
               +--------+--------+--------+--------+--------+-----+--------+
         Total |    797 |    797 |      0 |    372 |      0 |   1 |  797.0 |
       Dungeon |    797 |    797 |      0 |    372 |      0 |   1 |  797.0 |
               +--------+--------+--------+--------+--------+-----+--------+

Top non-repeatable levels by time:
       D: 797 daAuts
